 Dungeon Crawl Stone Soup version 0.17-a0-1900-g45e8110 (webtiles) character file.

516 Goblin1989 the Insei (level 7, -1/35 HPs)
             Began as a Vine Stalker Monk on Sept 24, 2015.
             Was a Believer of Makhleb.
             Slain by Edmund
             ... wielding a +2 flail of draining
              (8 damage)
             ... on level 4 of the Dungeon.
             The game lasted 00:11:14 (2320 turns).

Goblin1989 the Insei (Vine Stalker Monk)            Turns: 2320, Time: 00:11:14

Health: -1/35      AC:  5    Str: 13    XL:     7   Next: 20%
Magic:  0/10       EV: 11    Int: 12    God:    Makhleb [**....]
Gold:   87         SH:  0    Dex: 17    Spells: 0 memorised, 6 levels left

rFire  + . .     SeeInvis .       - Unarmed
rCold  + . .     Clarity  .     a - +0 robe
rNeg   . . .     SustAt   .     (no shield)
rPois  .         Gourm    .     (no helmet)
rElec  .         Spirit   +     (no cloak)
rCorr  .         Warding  .     (no gloves)
rMut   .         Stasis   .     o - +2 pair of boots
MR     .....                    (no amulet)
Stlth  ++........               p - ring of protection from fire
                                c - ring of protection from cold

@: heavily drained, not resistant to hostile enchantments, unstealthy
A: fangs 2, regeneration 2, magic shield, antimagic bite, no device heal 3, rot
immunity
a: Minor Destruction, Renounce Religion


You were on level 4 of the Dungeon.
You worshipped Makhleb.
Makhleb was pleased with you.
You were very hungry.

You visited 1 branch of the dungeon, and saw 4 of its levels.

You collected 159 gold pieces.
You spent 72 gold pieces at shops.

Inventory:

Armour
 a - a +0 robe (worn)
 i - a +0 pair of gloves (quivered)
 o - a +2 pair of boots (worn)
Jewellery
 c - a ring of protection from cold (left hand)
 h - an uncursed ring of flight
 m - an uncursed ring of fire
 p - a ring of protection from fire (right hand)
Magical devices
 u - a wand of paralysis (17)
Scrolls
 e - 2 scrolls of immolation {unknown}
 f - a scroll of fear {unknown}
 g - a scroll of remove curse {unknown}
 j - 3 scrolls of enchant weapon {unknown}
 n - 4 scrolls of random uselessness {unknown}
 r - 4 scrolls of blinking {unknown}
 s - a scroll of recharging {unknown}
 t - 2 scrolls of noise {unknown}
Comestibles
 b - 2 bread rations
 d - a royal jelly
 k - 3 fruits
 l - a slice of pizza
 q - a meat ration


   Skills:
 - Level 2.6(0.3) Fighting
 - Level 2.4(0.0) Dodging
 + Level 4.8(2.3) Stealth
 * Level 7.1(4.4) Unarmed Combat
 + Level 2.7(0.3) Invocations


You had 6 spell levels left.
You didn't know any spells.

Dungeon Overview and Level Annotations

Branches:
Dungeon (4/15)
 Temple: D:4-7

Altars:
Dithmenos
Fedhas
Makhleb
Ru

Shops:
D:4 *

Annotations:
D:3 ololoev's ghost, average HOGl
D:4 Edmund


Innate Abilities, Weirdness & Mutations

You have extremely sharp teeth.
You heal very quickly.
When hurt, damage is shared between your health and your magic reserves.
Your bite disrupts and absorbs the magic of your enemies.
Potions and wands cannot restore your health.
You are immune to rotting.


Message History

Edmund barely misses you.
You barely miss Edmund.
Edmund is severely wounded.
Edmund hits you with a flail of draining.
You feel drained.
* * * LOW HITPOINT WARNING * * *
You are too injured to fight recklessly!
You are too injured to fight recklessly!
Edmund hits you with a flail of draining.
* * * LOW HITPOINT WARNING * * *
You feel drained.
You hit Edmund but do no damage. Your bite misses Edmund.
Edmund is heavily wounded.
Edmund hits you with a flail of draining.
* * * LOW HITPOINT WARNING * * *
You feel drained.
You hit Edmund but do no damage.
Edmund is heavily wounded.
Edmund hits you with a flail of draining!
You die...

##########.##.#######.#.#........
#.##.# #.#.#.###...# #.##.#
#.#.#.# #...# #.##.# #.#.#)#
##>.. ## #.##.#######.#.#.###.#.#
#.##.##.##..............#.#
#.##.##.##.####...#(###....
#.##.##.##@# #...#.###...# #
#.##.##.##@# #(........... #
#.##.##.##.# ##..#.###...#
#######.##.##.##.#####..#.###...#
................................#
#######.#####.##.######[###.##..#
# #.# ####.................
#######.################.........
.................................
#######.#################.##.##..


You could see Edmund.

Vanquished Creatures
  Sigmund (D:3)
  A phantom (D:4)
  A scorpion (D:4)
  2 hounds
  3 worker ants
  3 adders
  6 worms
  A giant gecko (D:1)
  3 orcs
  5 goblins
  5 hobgoblins
  A ball python (D:4)
  8 bats
  2 giant cockroaches
  4 giant newts
  6 kobolds
  5 rats
57 creatures vanquished.

Notes
Turn   | Place    | Note
--------------------------------------------------------------
     0 | D:1      | Goblin1989 the Vine Stalker Monk began the quest for the Orb.
     0 | D:1      | Reached XP level 1. HP: 11/11 MP: 2/2
   316 | D:1      | Reached XP level 2. HP: 14/16 MP: 3/3
   339 | D:1      | You fall through a shaft!
   398 | D:2      | Found a sacrificial altar of Ru.
   760 | D:2      | Found a shadowy altar of Dithmenos.
   876 | D:2      | Reached XP level 3. HP: 19/19 MP: 4/4
   979 | D:2      | Reached skill level 5 in Unarmed Combat
  1094 | D:3      | Noticed ololoev's ghost (average HOGl)
  1245 | D:3      | Found a burning altar of Makhleb.
  1260 | D:3      | Reached XP level 4. HP: 6/23 MP: 2/5
  1267 | D:3      | Became a worshipper of Makhleb the Destroyer
  1267 | D:3      | Acquired Makhleb's first power
  1267 | D:3      | Acquired Makhleb's second power
  1359 | D:3      | Found a blossoming altar of Fedhas.
  1474 | D:3      | Noticed Sigmund
  1502 | D:3      | Killed Sigmund
  1502 | D:3      | Reached skill level 6 in Unarmed Combat
  1502 | D:3      | Reached skill level 1 in Invocations
  1502 | D:3      | Reached XP level 5. HP: 23/27 MP: 5/7
  1502 | D:3      | Gained mutation: You heal very quickly. [Vine Stalker growth]
  1502 | D:3      | Reached XP level 6. HP: 27/32 MP: 5/8
  1899 | D:4      | Reached XP level 7. HP: 16/35 MP: 9/9
  2027 | D:4      | Found Tyeg Owo's Assorted Antiques.
  2041 | D:4      | Reached skill level 7 in Unarmed Combat
  2101 | D:4      | Bought a scroll labeled DEULUK LOEHU for 25 gold pieces
  2101 | D:4      | Bought a golden potion for 22 gold pieces
  2101 | D:4      | Bought a scroll labeled KIJERGH KIT COLL for 25 gold pieces
  2297 | D:4      | Noticed Edmund
  2320 | D:4      | Slain by Edmund

Vault maps used:
D:1:      roderic_octagonal_star, minmay_statues_item
D:2:      nicolae_overflow_hidden_temple, first_bread, st_stairs_6
D:3:      nicolae_overflow_crystal_walls, makhleb_heckhound_becter, uniq_sigmund
D:4:      serial_shops, nicolae_shop_waterfront, uniq_edmund

Action                   |  1- 3 |  4- 6 |  7- 9 || total
-------------------------+-------+-------+-------++-------
Melee: Unarmed           |   111 |   113 |    28 ||   252
  Use: Potion            |       |     4 |     1 ||     5
 Stab: Sleeping          |     6 |     4 |       ||    10
       Invisible         |       |     7 |       ||     7
  Eat: Chunk             |     1 |     3 |       ||     4
